 Dungeon Crawl Stone Soup version 0.22-a0-605-g9281fa2 (webtiles) character file.

511 Hebeh the Magician (level 6, 0/34 HPs)
             Began as a Deep Elf Fire Elementalist on July 8, 2018.
             Killed by nerve-wracking pain
             ... invoked by an orc priest
              (2 damage)
             ... on level 4 of the Dungeon.
             The game lasted 00:25:30 (3815 turns).

Hebeh the Magician (Deep Elf Fire Elementalist)     Turns: 3815, Time: 00:25:31

Health: 0/34       AC:  7    Str:  5    XL:     6   Next: 99%
Magic:  16/25      EV: 13    Int: 22    God:
Gold:   117        SH:  0    Dex: 15    Spells: 9/15 levels left

rFire    + . .     SeeInvis .   v - +1 trident (venom)
rCold    x . .     Gourm    .   (no shield)
rNeg     . . .     Faith    .   a - +0 robe
rPois    .         Spirit   .   (no helmet)
rElec    .         Reflect  .   e - +0 cloak
rCorr    .         Harm     .   s - +2 pair of gloves
MR       .....                  w - +0 pair of boots
Stlth    +++.......             (no amulet)
HPRegen  0.11/turn              d - ring of fire
MPRegen  0.19/turn              t - ring of magical power

@: very slightly contaminated, invisible
A: no striking features
a: no special abilities


You were on level 4 of the Dungeon.
You were not hungry.

You visited 1 branch of the dungeon, and saw 4 of its levels.

You collected 117 gold pieces.

Inventory:

Hand Weapons
 h - a +0 short sword
 v - a +1 trident of venom (weapon)
Missiles
 i - 155 stones (quivered)
Armour
 a - a +0 robe (worn)
 e - a +0 cloak (worn)
 s - a +2 pair of gloves (worn)
 w - a +0 pair of boots (worn)
Jewellery
 d - a ring of fire (left hand)
 n - an uncursed ring of positive energy
 o - an uncursed ring of ice
 t - a ring of magical power (right hand)
Wands
 g - a wand of disintegration (18)
Scrolls
 b - a scroll of identify
 f - 2 scrolls of amnesia
 l - 2 scrolls of remove curse
Potions
 j - a potion of curing
 q - a potion of lignification
 r - a potion of flight
 u - a potion of invisibility
 x - a potion of brilliance {unknown}
Comestibles
 c - 8 rations
 k - 6 chunks of flesh


   Skills:
 + Level 1.1 Fighting
 - Level 2.4 Dodging
 + Level 4.5 Stealth
 * Level 5.4 Spellcasting
 * Level 4.4 Conjurations
 * Level 5.1 Fire Magic


You had 9 spell levels left.
You knew the following spells:

 Your Spells              Type           Power        Failure   Level  Hunger
a - Flame Tongue          Conj/Fire      #####        1%          1    None
b - Throw Flame           Conj/Fire      #####.       1%          2    None
c - Conjure Flame         Conj/Fire      #####...     4%          3    ##.....

Your spell library contained the following spells:

 Spells                   Type           Power        Failure   Level  Hunger
 Fireball                 Conj/Fire      #####.....   36%         5    #####..
 Sticky Flame             Conj/Fire      #####...     14%         4    ####...
 Inner Flame              Hex/Fire       ####....     10%         3    ##.....


Dungeon Overview and Level Annotations

Branches:
Dungeon (4/15)
 Temple: D:4-7

Altars:
Qazlal
Uskayaw
Wu Jian
Zin


Message History

The orc shouts!
Casting: Flame Tongue (safe; 1% risk of failure)
Confirm with . or Enter, or press ? or * to list all spells.
Aiming: Flame Tongue (safe; 1% risk of failure)
Press: ? - help, Shift-Dir - straight line, f/p - orc priest
Aim: an orc priest, wielding a dagger (heavily wounded)
You feel a surge of power!
The flame tongue misses the orc priest.
The orc priest calls down the wrath of Beogh upon you.
Beogh smites you!
* * * LOW HITPOINT WARNING * * *
Okay, then.
You fade into invisibility!
The orc priest calls upon Beogh to heal the orc priest.
The orc priest is healed somewhat.
You are very lightly contaminated with residual magic.
The orc priest calls upon Beogh to heal the orc priest.
The orc priest's wounds heal themselves!
The orc priest calls down the wrath of Beogh upon something.
Pain shoots through your body!
You die...

###
####################.#
†oo...o..@...........#
####################.#
#.# #.# ## #.# #. #.#
#. ##'####. #.......
#.......


You could see 2 orc priests.

Vanquished Creatures
  Blork the orc (D:4)
  5 orc wizards (D:4)
  An orc priest (D:4)
  Crazy Yiuf (D:2)
  Terence (D:3)
  3 river rats (D:3)
  5 adders
  3 oozes
  2 worms (D:3)
  6 leopard geckos
  19 orcs
  5 bats
  3 giant cockroaches
  11 goblins
  10 hobgoblins
  6 jackals
  4 quokkas
  3 frilled lizards
  10 kobolds
  13 rats
  A bush (D:3)
  A plant (D:3)
114 creatures vanquished.

Vanquished Creatures (others)
  4 toadstools (D:1)
4 creatures vanquished.

Grand Total: 118 creatures vanquished

Notes
Turn   | Place    | Note
-------+----------+-------------------------------------------
     0 | D:1      | Hebeh the Deep Elf Fire Elementalist began the quest for the Orb.
     0 | D:1      | Reached XP level 1. HP: 10/10 MP: 6/6
   224 | D:1      | Reached XP level 2. HP: 15/15 MP: 6/8
   580 | D:1      | Reached XP level 3. HP: 19/19 MP: 6/9
  1103 | D:2      | Found a runed door.
  1331 | D:2      | Found a glowing silver altar of Zin.
  1372 | D:2      | Reached XP level 4. HP: 24/24 MP: 9/11
  1706 | D:2      | Noticed Crazy Yiuf
  1711 | D:2      | Killed Crazy Yiuf
  1724 | D:2      | Learned a level 2 spell: Throw Flame
  1728 | D:2      | Learned a level 3 spell: Conjure Flame
  1952 | D:3      | Noticed Terence
  1962 | D:3      | Killed Terence
  1962 | D:3      | Reached XP level 5. HP: 23/28 MP: 12/13
  2195 | D:3      | Found a hide-covered altar of Uskayaw.
  3204 | D:4      | Reached XP level 6. HP: 29/33 MP: 2/15
  3327 | D:4      | Found an ornate altar of the Wu Jian Council.
  3442 | D:4      | Noticed Blork the orc
  3447 | D:4      | Killed Blork the orc
  3447 | D:4      | Reached skill level 5 in Spellcasting
  3547 | D:4      | Reached skill level 1 in Fighting
  3688 | D:4      | Found a stormy altar of Qazlal.
  3703 | D:4      | Reached skill level 5 in Fire Magic
  3812 | D:4      | HP: 1/34 [orc priest/divine providence (9)]
  3815 | D:4      | Killed from afar by an orc priest

Vault maps used:
D:1:      ldierk_walled_garden_2, roderic_roman_lattice
D:2:      lemuel_crystal_altar, first_ration, uniq_crazy_yiuf_cottage
D:3:      lemuel_coloured_pillars_altar, lightli_sewer_entry_pipes,
          serial_forest, infiniplex_forest_end_1,
          infiniplex_forest_clump_medium, infiniplex_forest_zigzag_1,
          infiniplex_forest_clump_long, infiniplex_forest_lined_room_3,
          infiniplex_forest_lined_1, infiniplex_forest_corner_1,
          infiniplex_forest_clump_C, uniq_terence
D:4:      lemuel_doored_altar, elyvilon_altar_5, grunt_qazlal_clouds,
          columned_hall_lemuel, chei_slow_surprise, uniq_blork_the_orc

Skill      XL: |  1  2  3  4  5  6 |
---------------+-------------------+-----
Conjurations   | 2 3 4 |  4.4
Stealth        | 3 4 |  4.5
Spellcasting   | 4 5 |  5.4
Fire Magic     | 4 5 |  5.1
Fighting       | 1 |  1.1
Dodging        | |  2.4

Action                   |  1- 3 |  4- 6 || total
-------------------------+-------+-------++-------
Melee: Trident           |       |    87 ||    87
Throw: Stone             |    27 |     3 ||    30
 Cast: Flame Tongue      |    67 |    90 ||   157
       Throw Flame       |       |    42 ||    42
       Conjure Flame     |       |     5 ||     5
  Use: Scroll            |       |    10 ||    10
       Potion            |       |     1 ||     1
 Stab: Sleeping          |       |     1 ||     1
  Eat: Chunk             |     1 |     6 ||     7
       Ration            |       |     1 ||     1
Armor: Robe              |     2 |     2 ||     4
Dodge: Dodged            |     7 |    11 ||    18

Table legend:
 A = Spawn XP
 B = Non-spawn XP
 C = Spawn XP percentage of total XP
 D = Spawn monster count
 E = Non-spawn monster count
 F = Spawn count percentage of total count
 G = Total turns spent on level
                    A         B        C        D         E        F      G
               +---------+---------+-------+---------+---------+-------+---------
         Total |       0 |     730 |   0.0 |       0 |     112 |   0.0 |  3815
               +---------+---------+-------+---------+---------+-------+---------
           D:1 |       0 |      52 |   0.0 |       0 |      27 |   0.0 |   884
           D:2 |       0 |     101 |   0.0 |       0 |      22 |   0.0 |   866
           D:3 |       0 |     178 |   0.0 |       0 |      39 |   0.0 |  1436
           D:4 |       0 |     399 |   0.0 |       0 |      24 |   0.0 |   629
               +---------+---------+-------+---------+---------+-------+---------
